Map: Emerald City LE

Players

Sleek

  • Race: Terran Terran
  • Spawn Location: 5:00

SputNIC

  • Race: Zerg Zerg
  • League: Gold
  • Spawn Location: 5:00

Throwfordays - Winner!

  • Race: Protoss Protoss
  • League: Silver
  • Spawn Location: 11:00

Faust - Winner!

  • Race: Zerg Zerg
  • League: Diamond
  • Spawn Location: 11:00

VOD

Have the link to the VOD?

Description

Time

  • Played on: April 15, 2019, 11:36 p.m.
  • Length: 21:19
Show
View Real Time Build Order
Export as new Build Order

Sleek Terran 

Build Orders:  

Get SALT Encoding   

  12  0:01  SCV  
  13  0:13  SCV  
  14  0:20  Supply Depot  
  14  0:25  SCV  
  15  0:34  Refinery  
  15  0:41  SCV  
  16  0:46  Barracks  
  16  0:53  SCV  
  17  1:06  SCV  
  18  1:18  SCV  
  20  1:35  Orbital Command  
  20  1:36  Reaper  
  20  1:51  Command Center  
  20  2:20  Barracks Reactor  
  20  2:24  Factory  
  20  2:33  Refinery  
  20  2:34  SCV  
  21  2:40  Supply Depot  
  21  2:46  SCV  
  22  3:03  Marine x2  
  22  3:05  SCV  
  25  3:11  Starport, Factory Tech Lab  
  25  3:17  Orbital Command  
  25  3:18  SCV  
  26  3:27  Marine  
  26  3:28  Marine  
  26  3:30  SCV  
  29  3:40  Siege Tank  
  32  3:42  SCV  
  33  3:49  Marine x2  
  33  3:51  Medivac  
  33  3:54  SCV  
  37  4:02  Supply Depot  
  37  4:05  SCV  
  38  4:17  Marine x2  
  38  4:19  Siege Tank  
  38  4:21  SCV  
  38  4:22  SCV  
  45  4:29  Medivac  
  47  4:33  SCV, Supply Depot  
  47  4:34  SCV  
  49  4:44  Marine x2  
  49  4:45  SCV  
  52  4:46  SCV  
  53  4:54  Siege Tank  
  56  5:10  Marine x2  
  56  5:11  Medivac  
  56  5:12  SCV x2  
  62  5:37  Marine, SCV  
  62  5:39  Marine, SCV  
  62  5:41  Siege Tank  
  62  5:49  SCV  
  60  5:51  SCV  
  60  5:53  Supply Depot  
  60  5:54  Barracks x2  
  60  5:55  Marine  
  60  5:56  Engineering Bay  
  62  5:57  Refinery x2  
  62  6:06  SCV  
  62  6:07  Command Center  
  62  6:13  Starport Reactor  
  62  6:15  Marine x2, SCV  
  65  6:18  SCV  
  65  6:20  Siege Tank  
  65  6:23  Terran Infantry Weapons Level 1  
  65  6:25  Supply Depot  
  69  6:27  SCV  
  70  6:42  Barracks Tech Lab x2  
  70  6:46  Marine x2, SCV x2  
  74  6:51  Supply Depot  
  74  6:53  Medivac x2  
  78  7:12  Marine x3  
  78  7:13  SCV x2, Siege Tank  
  86  7:18  Marine  
  86  7:20  Planetary Fortress  
  86  7:22  Missile Turret  
  87  7:25  SCV x2  
  87  7:29  Viking  
  91  7:30  Marine  
  91  7:32  Marine x2  
  91  7:36  Marine  
  95  7:37  SCV x2  
  95  7:38  Supply Depot  
  97  7:48  Marine  
  97  7:50  SCV x2  
  100  8:04  Marine x3  
  103  8:06  Marine, Cyclone  
  103  8:09  Medivac x2  
  103  8:10  SCV x3  
  114  8:14  Missile Turret  
  114  8:16  Missile Turret  
  114  8:22  Terran Infantry Armor Level 1, SCV x2  
  114  8:26  Refinery, Engineering Bay  
  116  8:27  Marine, Refinery, Armory  
  116  8:31  Marine x2  
  116  8:32  Marine  
  120  8:37  Combat Shield  
  120  8:58  Marine, Stimpack  
  120  8:59  Marine x3  
  113  9:08  Siege Tank  
  113  9:16  Marine x3  
  113  9:17  Marine  
  116  9:20  SCV x2  
  116  9:21  SCV  
  124  9:25  Missile Turret  
  124  9:27  Missile Turret  
  124  9:30  Terran Infantry Weapons Level 2  
  124  9:32  SCV  
  124  9:34  Marine x2, Terran Vehicle Weapons Level 1  
  124  9:35  SCV x2  
  133  9:38  Marauder x2  
  133  9:41  Supply Depot  
  133  9:45  SCV  
  133  9:46  Siege Tank  
  133  9:54  Missile Turret  
  133  9:57  Marine  
  133  10:02  Marine  
  133  10:03  Viking x2  
  133  10:05  Missile Turret  
  137  10:09  Missile Turret  
  137  10:13  Missile Turret  
  137  10:14  Missile Turret  
  137  10:15  Missile Turret  
  137  10:17  Missile Turret  
  137  10:20  Missile Turret  
  137  10:21  Marine x3  
  138  10:22  Marine, Supply Depot x2  
  141  10:36  Terran Infantry Armor Level 2  
  141  10:43  Marine  
  141  10:44  SCV x3, Siege Tank, Supply Depot  
  141  10:49  Supply Depot  
  148  10:53  Marine x3  
  151  11:00  Viking x2  
  151  11:01  Marine  
  151  11:02  SCV  
  157  11:06  SCV x2  
  159  11:12  Marine x3  
  162  11:18  Barracks  
  162  11:19  SCV x2  
  162  11:20  Barracks  
  163  11:30  Marine  
  163  11:32  Marine, Marauder x2  
  169  11:33  Siege Tank  
  172  11:48  Marine  
  131  12:13  Marine  
  131  12:14  Barracks Reactor x2  
  105  12:16  Siege Tank, Marauder x2  
  105  12:17  Viking x2  
  105  12:20  Marine  
  115  12:23  SCV x3  
  118  12:30  Terran Infantry Weapons Level 3  
  118  12:31  Marine  
  118  12:32  Terran Vehicle And Ship Armor Level 1  
  118  12:35  SCV x2  
  118  12:36  Marine  
  118  12:37  Marine  
  122  12:38  Marine  
  124  12:44  SCV  
  124  12:47  SCV x2, Command Center, Viking  
  128  13:06  Missile Turret  
  128  13:08  Missile Turret x2  
  128  13:11  Missile Turret x2  
  115  13:17  Marine  
  115  13:18  Marine x3  
  115  13:19  Marine x2, Marauder x2  
  108  13:20  Siege Tank  
  108  13:21  Viking x2  
  110  13:36  Marine x2  
  110  13:37  Marine x4  
  110  13:40  Marine, Terran Infantry Armor Level 3, Marauder, SCV  
  110  13:41  SCV x2  
  116  13:53  Siege Tank  
  119  13:56  Marine x4, Medivac x2  
  119  13:57  Marine x2  
  119  13:58  Marine  
  119  14:01  Marine  
  131  14:14  Marine x3  
  131  14:15  Marine  
  131  14:16  Marine x3  
  120  14:24  Marine  
  120  14:25  Siege Tank  
  120  14:28  SCV x3  
  120  14:29  Planetary Fortress  
  117  14:32  Marine x3  
  117  14:33  Marine  
  117  14:35  Marine  
  117  14:36  Marine x2  
  104  14:42  Marine  
  100  14:49  Marine, Medivac  
  100  14:50  Marine x2, Medivac  
  100  14:51  Marine  
  105  14:53  Marine  
  92  15:09  Marine  
  92  15:10  Marine x5  
  92  15:13  Marine  
  99  15:14  Marine  
  100  15:27  Marine  
  100  15:28  Marine x3  
  89  15:43  SCV  
  89  15:44  Marine, SCV x2  
  89  15:45  Marine x4  
  89  15:46  Marine  
  90  15:52  Marine x2  
  90  15:53  Siege Tank  
  90  15:55  Medivac x2  
  99  15:59  SCV  
  99  16:02  Marine  
  99  16:03  Marine x5  
  96  16:30  SCV  
  96  16:31  Neosteel Armor  
  96  16:36  SCV x2  
  96  16:38  Refinery  
  96  16:39  Refinery  
  98  16:45  Refinery  
  98  16:56  Marine x4, Marauder x2  
  98  16:57  Marine x2  
  108  17:02  Command Center  
  108  17:14  Marine x5  
  108  17:15  Marine  
  114  17:18  Marine x2  
  116  17:26  Hi-Sec Auto Tracking  
  116  17:32  Marine x3  
  116  17:35  Marine x3  
  116  17:36  Marine x2  
  124  17:39  Siege Tank  
  127  18:08  Marine x8  
  127  18:10  Medivac x2  
  135  18:25  Marine  
  135  18:26  Marine x4  
  119  18:39  Marine x3  
  119  18:40  Medivac  
  118  18:43  Marine  
  118  18:44  Marine x4, Medivac  
  118  18:45  Thor  
  118  18:46  SCV x2  
  118  18:47  SCV  
  133  18:57  Marine x2  
  133  18:59  Marine  
  133  19:00  Command Center  
  133  19:01  Marine  
  133  19:02  Marine  
  138  19:05  Marine x3  
  141  19:10  Medivac  
  141  19:14  Marine  
  141  19:15  Marine  
  145  19:17  Marine  
  146  19:29  Marine  
  146  19:30  Marine x4  
  151  19:31  Thor  
  151  19:32  Marine  
  151  19:33  Marine  
  151  19:35  Marine  
  153  19:47  Marine x2  
  153  19:48  Marine  
  153  19:49  Marine, Viking x2  
  161  19:54  Marine  
  161  19:55  Marine x3  
  165  20:05  Marine x3  
  118  20:07  Marine  
  118  20:12  Marine  
  118  20:13  Marine x3  
  90  20:16  Missile Turret  
  90  20:19  Viking  
  88  20:23  Marine x3  
  88  20:24  Marine  
  77  20:30  Marine x3  
  75  20:38  Marine  
  75  20:40  Marine  
  70  20:47  Marine  
  70  20:48  Marine x3  
Show
View Real Time Build Order
Export as new Build Order

SputNIC Zerg 

Build Orders: Hatch First 

Get SALT Encoding   

  12  0:01  Drone  
  13  0:12  Overlord  
  13  0:18  Drone  
  14  0:30  Drone x2  
  16  0:37  Drone  
  17  0:48  Drone  
  18  1:00  Hatchery  
  18  1:01  Drone  
  18  1:05  Extractor  
  17  1:16  Spawning Pool  
  17  1:18  Drone  
  17  1:22  Drone  
  18  1:39  Drone x2  
  20  1:54  Drone  
  21  2:09  Drone  
  21  2:11  Metabolic Boost  
  21  2:12  Queen  
  21  2:13  Queen  
  26  2:17  Overlord  
  26  2:21  Zergling x2  
  27  2:23  Zergling x2  
  28  2:31  Overlord  
  28  2:35  Zergling x2  
  28  2:36  Zergling x2  
  30  2:47  Zergling x4  
  32  2:56  Overlord  
  32  2:58  Zergling x2  
  33  3:13  Zergling x4  
  33  3:16  Overlord  
  35  3:20  Zergling x2  
  36  3:27  Lair  
  36  3:30  Zergling x8  
  40  3:36  Drone x4  
  44  3:50  Zergling x2  
  44  3:51  Zergling x2  
  44  3:54  Zergling x4  
  44  3:55  Zergling x2  
  49  4:04  Extractor, Drone x3  
  49  4:05  Drone  
  49  4:09  Extractor  
  37  5:32  Zergling x2  
  37  5:33  Zergling x20  
  46  5:47  Zergling x2  
  46  5:48  Zergling x2  
  48  6:01  Drone  
  48  6:02  Drone  
  50  6:45  Zergling x4  
  52  6:49  Overlord  
  52  6:50  Overlord x3, Spire  
  51  7:06  Infestation Pit  
  50  7:09  Evolution Chamber  
  32  8:11  Mutalisk  
  32  8:12  Mutalisk x9  
  47  8:14  Zergling x2  
  47  8:15  Zergling x6  
  55  8:31  Hatchery  
  55  8:32  Extractor  
  53  8:37  Drone x5  
  53  8:41  Hatchery  
  57  8:43  Zerg Flyer Weapons Level 1  
  57  8:45  Mutalisk x2  
  61  8:53  Drone  
  62  9:07  Drone x3  
  62  9:08  Drone x2  
  67  9:12  Mutalisk x2  
  71  9:37  Mutalisk  
  71  9:38  Mutalisk x2  
  73  9:40  Drone  
  73  9:41  Drone x6  
  84  9:45  Drone  
  84  9:46  Overlord x2  
  85  9:57  Drone x4  
  89  10:25  Mutalisk x5  
  99  10:28  Extractor, Drone  
  99  10:29  Drone x8  
  99  10:34  Extractor  
  106  10:36  Extractor  
  106  10:37  Mutalisk  
  107  11:04  Extractor  
  106  11:11  Hatchery  
  105  11:25  Drone x3  
  108  11:28  Drone x2  
  108  11:29  Drone  
  111  11:41  Zerg Flyer Weapons Level 2  
  111  11:57  Drone  
  111  11:59  Overlord x2  
  111  12:00  Overlord x3  
  111  12:01  Overlord x2  
  110  12:33  Mutalisk  
  110  12:34  Mutalisk x12  
  132  12:57  Mutalisk x6  
  132  12:58  Mutalisk x4  
  119  13:27  Mutalisk x7  
  85  13:38  Mutalisk x2  
  89  13:43  Drone x3  
  48  14:26  Corruptor x6  
  48  14:30  Drone x3  
  53  14:34  Extractor  
  53  14:35  Extractor  
  51  14:43  Drone  
  50  14:46  Hatchery  
  50  14:49  Corruptor  
  50  14:50  Corruptor  
  46  15:12  Mutalisk x2  
  45  15:14  Zergling x4  
  35  15:38  Mutalisk  
  36  15:56  Mutalisk  
  35  16:22  Mutalisk  
  37  16:30  Zergling x4  
  39  16:37  Zergling x14  
  46  16:58  Hatchery  
  45  17:07  Hatchery  
  41  17:24  Mutalisk x3  
  41  17:26  Zergling x2  
  41  17:27  Zergling x4  
  46  18:01  Hatchery  
  46  18:05  Mutalisk x2  
  47  18:07  Zergling x2  
  47  18:09  Hatchery  
  25  18:40  Zergling x6  
  25  18:41  Zergling x16  
  36  18:48  Drone  
  37  19:06  Drone x3  
  37  19:07  Drone x3  
  43  19:15  Drone x4  
  47  19:22  Drone  
  47  19:24  Drone x4  
  52  19:32  Drone  
  52  19:34  Drone  
  52  19:35  Drone x2  
  52  19:36  Drone  
  57  19:50  Drone  
  57  19:52  Drone  
  59  19:53  Drone x3  
  59  19:54  Drone  
  59  19:57  Drone  
  59  19:59  Drone x2  
  67  20:00  Drone  
  67  20:06  Zergling x2  
  67  20:18  Mutalisk  
  67  20:19  Mutalisk x5  
  78  20:27  Zergling x8  
  82  20:30  Mutalisk  
  84  20:41  Mutalisk  
Show
View Real Time Build Order
Export as new Build Order

Throwfordays Protoss - Winner!

Build Orders:  

Get SALT Encoding   

  12  0:01  Probe  
  13  0:13  Probe  
  14  0:20  Pylon  
  14  0:21  Probe  
  15  0:35  Probe  
  16  0:46  Gateway  
  16  0:48  Probe  
  17  0:52  Assimilator  
  17  1:14  Probe  
  18  1:26  Probe  
  19  1:38  Probe  
  20  1:47  Cybernetics Core  
  20  1:50  Probe  
  21  2:00  Nexus  
  21  2:02  Pylon  
  21  2:04  Probe  
  21  2:08  Assimilator  
  22  2:15  Pylon, Warp Gate  
  21  2:23  Robotics Facility  
  21  2:30  Probe  
  21  2:35  Adept  
  24  2:43  Probe  
  25  2:51  Gateway  
  25  3:05  Stalker  
  27  3:09  Gateway, Probe  
  27  3:16  Probe  
  27  3:17  Probe  
  30  3:27  Probe  
  30  3:29  Probe  
  32  3:36  Immortal  
  35  3:51  Probe  
  36  4:01  Pylon  
  36  4:03  Probe  
  37  4:10  Immortal  
  37  4:15  Probe x2  
  43  4:24  Adept  
  43  4:25  Adept  
  43  4:27  Probe  
  48  4:39  Probe  
  48  4:42  Assimilator  
  49  4:49  Immortal  
  49  4:52  Probe  
  54  5:02  Pylon  
  54  5:12  Probe  
  49  5:20  Adept x2  
  49  5:21  Adept, Probe  
  57  5:30  Probe  
  54  5:43  Probe  
  53  5:51  Pylon  
  53  5:55  Probe  
  53  5:56  Gateway  
  54  6:00  Gateway  
  54  6:02  Probe  
  54  6:03  Immortal  
  59  6:10  Gateway  
  59  6:13  Gateway  
  59  6:14  Probe  
  59  6:17  Probe  
  61  6:25  Probe  
  61  6:26  Probe  
  61  6:28  Assimilator  
  63  6:33  Probe  
  63  6:38  Probe  
  65  6:44  Adept  
  65  6:45  Probe  
  65  6:47  Robotics Bay  
  68  6:48  Adept  
  68  6:50  Pylon  
  70  7:01  Pylon  
  70  7:04  Pylon  
  70  7:06  Pylon  
  70  7:08  Probe  
  70  7:12  Pylon, Sentry x2  
  70  7:13  Sentry  
  70  7:15  Pylon  
  77  7:18  Pylon  
  77  7:20  Probe  
  77  7:21  Observer  
  77  7:22  Pylon  
  78  7:25  Forge  
  78  7:27  Forge  
  79  7:33  Probe  
  79  7:34  Colossus  
  86  7:44  Adept x2  
  86  7:51  Probe  
  84  7:59  Probe  
  85  8:08  Probe  
  86  8:20  Extended Thermal Lance  
  86  8:21  Protoss Ground Weapons Level 1, Protoss Ground Armor Level 1, Probe  
  87  8:28  Colossus  
  87  8:33  Probe  
  94  8:42  Nexus  
  94  8:45  Probe  
  94  8:47  Pylon  
  95  8:52  Stalker x2  
  95  8:53  Stalker  
  101  9:34  Pylon  
  101  9:50  Twilight Council  
  101  9:57  Probe  
  101  10:04  Assimilator  
  101  10:05  Probe  
  102  10:07  Colossus  
  102  10:09  Assimilator  
  109  10:15  Probe  
  109  10:17  Stargate  
  109  10:19  Stargate  
  110  10:22  Robotics Facility  
  110  10:25  Stalker x5  
  110  10:26  Stalker  
  110  10:27  Probe  
  123  10:30  Pylon  
  123  10:39  Probe  
  124  10:50  Pylon  
  124  10:51  Photon Cannon, Probe  
  124  10:55  Photon Cannon  
  124  10:56  Photon Cannon  
  125  10:57  Photon Cannon  
  125  11:00  Photon Cannon  
  125  11:03  Probe  
  125  11:04  Probe  
  127  11:08  Probe  
  128  11:14  Protoss Ground Weapons Level 2  
  128  11:15  Probe  
  128  11:16  Protoss Ground Armor Level 2, Probe  
  130  11:20  Probe  
  131  11:28  Protoss Air Weapons Level 1, Probe x2  
  131  11:32  Stalker, Probe  
  134  11:33  Stalker x3  
  134  11:34  Stalker  
  144  11:41  Probe  
  126  12:07  Adept x4  
  126  12:08  Adept  
  134  12:30  Pylon, Stalker x2  
  134  12:31  Stalker x3  
  134  12:34  Probe  
  142  12:44  Warp Prism  
  142  12:46  Probe  
  90  13:41  Probe  
  91  13:49  Probe  
  91  13:50  Probe  
  91  13:59  Probe  
  91  14:01  Probe  
  85  14:11  Probe  
  85  14:13  Probe  
  79  14:20  Stalker  
  79  14:21  Stalker x4  
  79  14:24  Probe  
  80  14:25  Probe  
  80  14:29  Gateway  
  80  14:31  Gateway  
  69  14:37  Probe  
  70  14:50  Stalker  
  70  14:51  Stalker x4  
  80  15:17  Stalker x5  
  90  15:21  Protoss Ground Weapons Level 3, Protoss Ground Armor Level 3  
  76  15:37  Resonating Glaives  
  58  15:46  Adept x4  
  58  15:47  Adept x3  
  72  15:56  Immortal x2  
  60  16:15  Adept x3  
  60  16:16  Adept x2  
  68  16:18  Probe  
  69  16:30  Probe  
  70  16:33  Immortal  
  70  16:35  Immortal  
  78  16:48  Nexus  
  78  16:49  Assimilator  
  78  16:53  Probe  
  79  16:56  Pylon  
  79  17:01  Adept x4  
  87  17:11  Charge  
  87  17:48  Colossus, Adept x6  
  87  17:49  Colossus, Adept  
  113  18:22  Probe  
  113  18:24  Assimilator  
  114  18:28  Assimilator  
  114  18:34  Probe  
  114  18:36  Colossus x2  
  114  18:39  Protoss Shields Level 1  
  115  18:46  Probe  
  128  18:52  Blink  
  128  18:53  Fleet Beacon  
  128  18:58  Probe  
  129  19:04  Probe  
  129  19:09  Protoss Air Armor Level 1  
  130  19:10  Probe  
  130  19:16  Probe  
  132  19:26  Stalker  
  132  19:27  Stalker x5  
  132  19:28  Stalker, Probe  
Show
View Real Time Build Order
Export as new Build Order

Faust Zerg - Winner!

Build Orders: Hatch First 

Get SALT Encoding   

  12  0:04  Drone  
  13  0:09  Drone  
  14  0:19  Extractor, Drone  
  15  0:23  Overlord  
  15  0:42  Drone x2  
  17  0:58  Drone  
  17  0:59  Hatchery  
  17  1:10  Drone  
  18  1:11  Extractor  
  18  1:16  Spawning Pool  
  16  1:19  Drone  
  16  1:23  Drone  
  18  1:30  Drone  
  19  1:42  Overlord  
  19  2:07  Zergling x4, Queen  
  23  2:16  Overlord  
  23  2:20  Queen  
  23  2:21  Metabolic Boost  
  25  2:24  Drone x2  
  25  2:29  Drone  
  28  2:35  Drone x2  
  30  2:55  Drone x2  
  30  2:56  Overlord  
  30  2:58  Lair  
  31  3:04  Zergling x2  
  31  3:05  Overlord  
  31  3:15  Drone  
  31  3:19  Drone x2  
  34  3:32  Zergling x10  
  34  3:33  Zergling x6  
  42  3:37  Baneling Nest  
  41  3:56  Drone  
  41  3:59  Drone x3  
  41  4:00  Extractor  
  44  4:03  Overlord  
  44  4:09  Hatchery  
  40  4:19  Drone x4  
  40  4:20  Drone  
  40  4:23  Zergling x2  
  46  4:29  Baneling  
  46  4:30  Baneling x3  
  43  4:47  Hatchery  
  42  4:57  Drone  
  42  4:58  Drone x3  
  42  4:59  Extractor  
  45  5:01  Extractor  
  45  5:02  Drone, Spire  
  45  5:03  Drone x2  
  45  5:04  Drone x2  
  46  5:21  Baneling x2  
  46  5:25  Drone  
  46  5:26  Drone x4  
  46  5:27  Drone  
  52  5:30  Zergling x2, Spine Crawler  
  52  5:55  Hatchery  
  51  6:10  Baneling  
  51  6:15  Spore Crawler  
  50  6:19  Mutalisk  
  50  6:20  Mutalisk x3  
  50  6:24  Drone x4  
  50  6:25  Overlord x2  
  62  6:26  Zergling x2  
  62  6:27  Zergling x6  
  62  6:29  Overlord  
  66  6:33  Hatchery  
  65  6:46  Drone  
  66  6:51  Drone  
  66  6:52  Drone x3  
  69  7:12  Mutalisk x3  
  69  7:13  Mutalisk x3  
  81  7:18  Queen, Drone x3  
  81  7:19  Overlord  
  86  7:23  Zerg Flyer Weapons Level 1  
  86  7:46  Zergling x20  
  96  8:03  Drone x4  
  96  8:04  Drone x3  
  103  8:10  Evolution Chamber  
  102  8:14  Mutalisk  
  102  8:17  Extractor  
  102  8:19  Extractor  
  102  8:22  Queen  
  104  8:28  Overlord x2  
  104  8:29  Overlord x4  
  104  8:39  Pneumatized Carapace  
  104  8:40  Drone  
  104  8:41  Drone  
  82  9:05  Mutalisk x5  
  82  9:06  Mutalisk x4  
  92  9:14  Drone x3  
  92  9:15  Drone x2  
  92  9:16  Spine Crawler  
  94  9:23  Zerg Melee Weapons Level 1  
  94  9:28  Evolution Chamber  
  93  9:38  Drone x8  
  101  9:54  Extractor  
  101  9:55  Extractor, Hatchery  
  96  10:06  Mutalisk x5  
  96  10:07  Mutalisk  
  100  10:08  Zergling x8  
  102  10:23  Corruptor x3  
  102  10:24  Corruptor x2  
  112  10:30  Drone x3  
  112  10:31  Drone x3  
  112  10:34  Spore Crawler  
  117  10:46  Zerg Ground Armor Level 1  
  117  10:49  Zerg Flyer Weapons Level 2  
  117  10:52  Spore Crawler  
  116  10:59  Drone  
  116  11:00  Infestation Pit  
  116  11:02  Drone x6  
  116  11:03  Overlord x4  
  122  11:08  Queen  
  122  11:10  Spore Crawler  
  123  11:13  Spore Crawler  
  123  11:15  Spore Crawler  
  123  11:17  Spore Crawler  
  120  11:22  Zergling x16  
  128  11:33  Zergling x6  
  128  11:39  Zergling x14  
  138  11:41  Zergling x2  
  138  11:42  Zergling x6  
  138  11:45  Overlord x2  
  142  11:52  Hive  
  142  11:53  Burrow  
  142  11:54  Zerg Melee Weapons Level 2  
  126  12:28  Corruptor x4  
  126  12:29  Corruptor, Infestor x2  
  136  12:30  Infestor x2  
  144  12:41  Drone x2  
  144  12:42  Spore Crawler  
  144  12:43  Spore Crawler  
  144  12:44  Zerg Ground Armor Level 2  
  144  12:47  Corruptor x4  
  144  12:48  Corruptor  
  151  13:09  Extractor  
  151  13:10  Hatchery  
  148  13:13  Extractor  
  148  13:14  Corruptor  
  148  13:15  Corruptor x3  
  122  13:44  Greater Spire  
  122  13:46  Spire  
  122  13:47  Zergling x2  
  122  13:48  Zergling x48  
  146  14:05  Queen  
  146  14:06  Drone x2  
  141  14:19  Drone  
  141  14:20  Drone x2  
  141  14:22  Drone x2  
  139  14:49  Zerg Melee Weapons Level 3  
  139  14:52  Adrenal Glands  
  123  15:10  Zergling x2  
  123  15:11  Zergling x38  
  123  15:12  Zergling x18  
  134  15:26  Queen  
  128  15:39  Brood Lord x2  
  128  15:40  Brood Lord x2  
  117  15:51  Corruptor  
  117  15:52  Corruptor x14  
  117  15:53  Corruptor x3  
  141  16:25  Zerg Flyer Weapons Level 3, Zerg Flyer Armor Level 1  
  133  16:26  Zerg Ground Armor Level 3  
  133  16:32  Ultralisk Cavern  
  124  16:34  Hydralisk Den  
  124  16:37  Corruptor x5  
  124  16:38  Corruptor x4  
  141  16:40  Zergling x2  
  141  16:41  Zergling x28  
  156  17:09  Extractor, Hatchery  
  154  17:23  Chitinous Plating  
  154  17:25  Grooved Spines  
  152  17:35  Zergling x2  
  152  17:36  Zergling x42  
  174  17:38  Overlord x6  
  164  17:52  Baneling x5  
  164  17:57  Brood Lord x2  
  164  17:58  Brood Lord x3  
  105  18:36  Muscular Augments  
  105  18:40  Brood Lord  
  107  18:41  Brood Lord  
  107  18:42  Anabolic Synthesis  
  109  18:56  Hatchery  
  109  18:58  Drone x3  
  111  19:04  Zergling x4  
  113  19:16  Brood Lord  
  115  19:21  Drone  
  102  19:51  Brood Lord  
  104  20:23  Drone x3  
  104  20:24  Drone  
Tags
 
Add a new tag
Caveats
  • Supply blocks, unpowered buildings, or Contaminate may cause inaccurate times.
  • Supply counts are checked every 10 seconds.